Map: Omicron

Players

Duncan - Winner!

  • Race: Protoss Protoss
  • Spawn Location: 9:00

EdibleDXX - Winner!

  • Race: Terran Terran
  • Spawn Location: 7:00

A.I. 2 (Hard)

  • Race: Terran Terran
  • Spawn Location: 3:00

A.I. 3 (Hard)

  • Race: Terran Terran
  • Spawn Location: 1:00

VOD

Have the link to the VOD?

Description

Time

  • Played on: Dec. 18, 2015, 8:12 p.m.
  • Length: 18:14
Show
View Real Time Build Order
Export as new Build Order

Duncan Protoss - Winner!

Build Orders: 1 Gate Expand 

Get SALT Encoding   

  12  0:04  Probe (Chrono Boost)  
  13  0:18  Probe (Chrono Boost)  
  14  0:27  Pylon  
  14  0:32  Pylon  
  14  0:50  Gateway  
  14  1:24  Nexus  
  14  1:33  Pylon  
  14  1:44  Cybernetics Core  
  14  1:46  Forge  
  14  1:52  Assimilator  
  14  1:56  Assimilator  
  14  2:06  Probe (Chrono Boost)  
  15  2:16  Probe (Chrono Boost)  
  16  2:27  Probe (Chrono Boost)  
  17  2:37  Probe (Chrono Boost)  
  18  2:51  Warp Gate  
  18  2:58  Probe (Chrono Boost)  
  19  3:08  Probe (Chrono Boost)  
  20  3:14  Probe (Chrono Boost)  
  20  3:19  Probe (Chrono Boost)  
  22  3:25  Probe (Chrono Boost)  
  23  3:29  Probe (Chrono Boost)  
  23  3:33  Assimilator  
  24  3:35  Probe (Chrono Boost)  
  24  3:39  Assimilator  
  24  3:40  Probe (Chrono Boost)  
  26  3:46  Probe (Chrono Boost)  
  27  3:50  Probe (Chrono Boost)  
  27  3:52  Photon Cannon  
  27  3:54  Photon Cannon  
  28  3:56  Probe (Chrono Boost)  
  28  3:57  Photon Cannon  
  28  4:01  Probe (Chrono Boost)  
  30  4:05  Photon Cannon  
  30  4:41  Probe (Chrono Boost)  
  31  4:47  Probe (Chrono Boost)  
  31  4:52  Probe (Chrono Boost), Protoss Ground Weapons Level 1 (Chrono Boost)  
  33  4:57  Probe (Chrono Boost)  
  34  5:02  Probe (Chrono Boost)  
  35  5:08  Probe (Chrono Boost)  
  35  5:12  Pylon  
  36  5:15  Pylon  
  36  5:25  Robotics Facility  
  36  5:28  Robotics Facility  
  36  5:33  Stargate  
  36  5:37  Stargate  
  36  5:44  Twilight Council  
  36  6:20  Fleet Beacon  
  36  6:28  Pylon  
  36  6:31  Pylon  
  36  6:34  Pylon  
  36  6:38  Pylon  
  36  6:41  Protoss Ground Armor Level 1 (Chrono Boost)  
  36  6:43  Pylon  
  36  7:07  Immortal  
  40  7:09  Immortal  
  44  7:24  Protoss Air Weapons Level 1  
  44  7:46  Immortal  
  44  7:49  Immortal  
  52  8:21  Protoss Shields Level 1 (Chrono Boost)  
  52  8:25  Immortal, Tempest  
  60  8:27  Tempest  
  60  8:28  Immortal  
  68  9:03  Protoss Air Armor Level 1  
  68  9:08  Tempest  
  72  9:10  Tempest  
  76  9:27  Nexus  
  76  10:00  Protoss Ground Weapons Level 2 (Chrono Boost)  
  76  10:05  Immortal  
  80  10:07  Immortal  
  80  10:11  Tempest  
  88  10:21  Tempest  
  92  10:42  Assimilator  
  92  10:47  Assimilator  
  90  11:58  Protoss Ground Armor Level 2 (Chrono Boost)  
  90  12:10  Tempest  
  90  12:12  Tempest  
  90  12:14  Immortal  
  102  12:17  Immortal  
  106  12:41  Protoss Air Weapons Level 2  
  106  12:53  Immortal  
  106  12:56  Immortal  
  110  13:56  Protoss Shields Level 2 (Chrono Boost)  
  106  14:39  Protoss Air Armor Level 2  
  106  16:04  Immortal  
  106  16:07  Immortal  
  114  16:43  Immortal  
  114  16:46  Immortal  
Show
View Real Time Build Order
Export as new Build Order

EdibleDXX Terran - Winner!

Build Orders: Bio Tank 

Get SALT Encoding   

  12  0:04  SCV  
  13  0:16  SCV  
  14  0:27  Supply Depot  
  14  0:28  SCV  
  15  0:31  Refinery  
  15  0:42  Refinery  
  15  1:06  SCV  
  16  1:18  SCV, Barracks  
  17  1:31  SCV  
  18  1:43  SCV  
  19  1:55  SCV  
  20  2:10  Barracks Tech Lab  
  20  2:29  Stimpack  
  20  2:37  Orbital Command  
  20  2:39  Barracks  
  20  2:43  Command Center  
  20  2:57  Factory  
  19  3:08  SCV  
  20  3:20  SCV  
  21  3:32  SCV  
  21  3:33  Barracks Reactor  
  22  3:38  Marine  
  23  3:43  Factory  
  23  3:44  Factory Tech Lab  
  23  3:56  Marine  
  24  4:10  Supply Depot  
  24  4:13  Marine  
  24  4:16  SCV  
  26  4:19  SCV  
  27  4:28  SCV  
  28  4:31  Marine  
  28  4:33  Supply Depot  
  29  4:40  SCV, Factory Tech Lab  
  29  4:43  Engineering Bay  
  30  4:47  Siege Tank  
  30  4:49  Marine  
  30  4:52  SCV  
  35  4:58  Supply Depot  
  35  5:10  Engineering Bay  
  35  5:15  Terran Infantry Weapons Level 1  
  35  5:19  Combat Shields  
  35  5:27  Supply Depot  
  35  5:31  Siege Tank x2  
  41  6:03  Siege Tank x2  
  47  6:10  Marine  
  47  6:11  Marine x2  
  50  6:28  Marine  
  50  6:29  Command Center, Marine  
  52  6:35  Siege Tank  
  51  7:40  Marine  
  51  7:41  Marine x2  
  54  7:58  Command Center, Marine  
  55  8:07  Starport  
  55  9:10  Marine x3  
  55  9:11  Supply Depot  
  58  9:26  Orbital Command  
  58  9:28  Marine x3  
  61  9:34  Supply Depot  
  61  9:45  Marine  
  61  9:46  Siege Tank x2  
  68  9:58  Supply Depot  
  68  10:18  Siege Tank  
  71  10:32  Supply Depot  
  71  10:38  Starport Tech Lab  
  71  10:43  Siege Tank  
  74  10:50  Siege Tank  
  74  10:52  Refinery  
  74  10:56  Supply Depot  
  76  11:15  Siege Tank  
  72  11:22  Supply Depot, Siege Tank  
  71  11:47  Supply Depot  
  71  12:13  Medivac  
  73  12:30  Terran Infantry Armor Level 1  
  73  12:43  Medivac  
  75  13:13  Medivac  
  77  13:43  Medivac  
  79  14:03  Marine  
  79  14:04  Marine x2  
  82  14:15  Siege Tank x2  
  88  14:21  Marine x3  
  91  14:39  Marine x3  
  94  14:57  Marine x3  
  97  15:15  Marine  
Show
View Real Time Build Order
Export as new Build Order

A.I. 2 (Hard) Terran 

Build Orders: MMM Bio 

Get SALT Encoding   

  12  0:01  SCV  
  13  0:13  SCV  
  14  0:18  Supply Depot  
  14  0:25  SCV  
  15  0:40  SCV  
  16  0:42  Barracks  
  16  0:49  Refinery  
  16  0:52  SCV  
  17  1:04  SCV  
  18  1:16  SCV  
  19  1:19  Supply Depot  
  19  1:28  SCV  
  19  1:31  Marine  
  21  1:38  Barracks  
  21  1:41  Orbital Command  
  21  1:47  Refinery  
  21  1:49  Barracks Tech Lab  
  21  2:07  Supply Depot, Marine  
  22  2:25  Marine  
  22  2:28  Marine  
  24  2:43  Marine  
  25  2:45  Supply Depot  
  25  2:46  Marine  
  26  3:00  Marine  
  26  3:04  Marine  
  28  3:13  Supply Depot  
  28  3:17  SCV  
  28  3:19  Marauder  
  31  3:22  Marine  
  32  3:27  Engineering Bay  
  32  3:29  SCV  
  33  3:39  Marine  
  33  3:41  SCV  
  35  3:42  Marine  
  36  3:53  SCV  
  37  3:57  Marine  
  37  4:00  Marine  
  39  4:05  SCV  
  40  4:15  Marine  
  41  4:17  SCV  
  41  4:19  Marauder  
  44  4:40  Marauder  
  46  5:02  Marauder  
  48  6:32  Barracks Tech Lab  
  48  6:33  Terran Infantry Weapons Level 1, Stimpack  
  48  6:36  Factory  
  48  6:38  Factory  
  48  6:41  Supply Depot  
  48  6:42  Missile Turret  
  48  6:43  Missile Turret  
  48  6:46  Barracks  
  48  6:50  Combat Shields  
  48  6:52  Command Center  
  48  7:03  Bunker  
  48  7:06  Supply Depot  
  43  7:19  Widow Mine  
  45  7:23  Starport  
  45  7:27  Widow Mine  
  45  7:28  Starport  
  47  7:41  Sensor Tower  
  47  7:48  Factory Tech Lab  
  47  7:58  Armory, Factory Tech Lab  
  47  8:02  Starport Tech Lab  
  47  8:03  Barracks Reactor  
  47  8:05  SCV, Starport Tech Lab  
  48  8:07  SCV  
  48  8:08  Concussive Shells  
  48  8:09  Siege Tank  
  52  8:17  SCV  
  52  8:18  Siege Tank  
  52  8:19  SCV  
  57  8:21  Raven  
  57  8:23  Raven  
  61  8:27  Terran Infantry Armor Level 1, Refinery  
  61  8:29  SCV  
  61  8:30  Missile Turret  
  61  8:31  SCV  
  61  8:32  Missile Turret  
  63  8:34  Refinery  
  63  8:42  SCV  
  63  8:43  SCV  
  65  8:54  SCV, Bunker  
  65  8:55  SCV  
  67  9:06  SCV  
  67  9:07  SCV  
  69  9:18  SCV  
  69  9:19  SCV  
  71  9:30  SCV  
  72  10:50  Viking, Medivac  
  72  10:51  Terran Infantry Weapons Level 2  
  72  10:52  Supply Depot, Terran Vehicle Weapons Level 1  
  72  10:56  Engineering Bay, Marine  
  77  11:02  Marauder  
  79  11:05  Command Center  
  79  11:14  Marauder  
  81  11:19  Thor, Ghost Academy  
  81  11:20  Medivac x2  
  81  11:21  Supply Depot, Terran Infantry Armor Level 2  
  81  11:25  Siege Tank  
  88  11:30  Marine  
  79  11:36  Marine  
  71  11:42  Marine  
  70  11:47  Marine  
  70  11:50  Raven x2  
  70  11:53  Marine  
  76  11:59  Marine  
  77  12:02  Supply Depot  
  77  12:05  Marine  
  78  12:10  Marine  
  79  12:16  Marine  
  79  12:17  SCV  
  79  12:19  SCV  
  79  12:20  SCV  
  85  12:23  Marauder  
  85  12:28  Siege Tank  
  85  12:29  Refinery  
  89  12:30  SCV  
  89  12:31  SCV  
  89  12:33  SCV, Raven  
  89  12:34  Siege Tank  
  89  12:35  Missile Turret  
  96  12:39  Missile Turret  
  96  12:40  Viking, Refinery  
  96  12:42  SCV  
  96  12:43  Fusion Core  
  100  12:44  SCV  
  100  12:45  SCV  
  100  12:46  Terran Vehicle And Ship Armor Level 1, Marauder  
  100  12:49  Armory  
  103  12:52  Marauder  
  103  12:54  SCV  
  103  12:57  SCV  
  107  12:58  SCV  
  107  12:59  Bunker  
  108  13:06  SCV  
  108  13:08  Marauder  
  108  13:10  SCV  
  108  13:11  SCV  
  108  13:12  Supply Depot  
  111  13:13  Raven  
  111  13:18  SCV  
  114  13:22  SCV  
  114  13:25  Viking  
  116  13:28  Bunker  
  116  13:30  SCV, Hellion  
  116  13:31  Missile Turret  
  116  13:33  Hellion  
  116  13:34  SCV  
  105  13:36  Terran Ship Weapons Level 1  
  105  13:40  Supply Depot  
  102  13:42  SCV  
  102  13:46  SCV  
  102  13:55  Hellion  
  103  13:56  Viking  
  103  13:58  SCV, Hellion  
  103  14:01  SCV  
  109  14:04  Marauder  
  109  14:07  Supply Depot  
  106  14:10  SCV  
  106  14:13  SCV  
  106  14:14  Viking  
  106  14:15  Widow Mine  
  104  14:20  Hellion  
  104  14:22  SCV  
  103  14:25  SCV  
  103  14:30  Sensor Tower  
  93  14:34  SCV  
  93  14:38  SCV  
  93  14:41  Marauder  
  93  14:45  Hellion  
  91  14:46  SCV  
  91  14:49  Widow Mine  
  91  14:50  SCV  
  84  14:57  Viking  
  84  14:59  Command Center  
  82  15:06  Hellion  
  33  15:50  SCV  
  33  15:54  SCV  
  33  16:02  SCV  
  35  16:11  SCV  
  35  16:16  SCV  
  26  16:23  SCV  
  26  16:28  SCV, Barracks  
  25  16:43  SCV  
  25  16:54  SCV  
  7  17:35  Command Center  
Show
View Real Time Build Order
Export as new Build Order

A.I. 3 (Hard) Terran 

Build Orders: MMM Bio 

Get SALT Encoding   

  12  0:01  SCV  
  13  0:13  SCV  
  14  0:20  Supply Depot  
  14  0:25  SCV  
  15  0:41  SCV  
  16  0:47  Barracks  
  16  0:48  Refinery  
  16  0:53  SCV  
  17  1:05  SCV  
  18  1:17  SCV  
  19  1:19  Supply Depot  
  19  1:30  SCV  
  20  1:35  Marine  
  21  1:40  Barracks  
  21  1:43  Orbital Command  
  21  1:48  Refinery  
  21  1:54  Barracks Tech Lab  
  21  2:07  Supply Depot  
  21  2:12  Marine  
  22  2:30  Marine  
  22  2:33  Marine  
  24  2:41  Supply Depot  
  24  2:47  Marine  
  24  2:51  Marine  
  26  3:05  Marine  
  26  3:09  Marine  
  28  3:13  Supply Depot  
  28  3:16  SCV  
  29  3:23  Marine  
  29  3:27  Engineering Bay, Marine  
  30  3:28  SCV  
  32  3:40  SCV  
  33  3:41  Marauder  
  35  3:52  SCV  
  36  4:03  Marauder  
  36  4:04  SCV  
  39  4:16  SCV  
  40  4:24  Marauder  
  42  4:46  Marauder  
  44  5:07  Marauder  
  48  5:28  Marauder  
  48  6:11  Barracks Tech Lab, Reaper  
  48  6:12  Terran Infantry Weapons Level 1, Stimpack  
  48  6:15  Factory  
  49  6:21  Command Center, Factory  
  49  6:22  Supply Depot  
  49  6:24  Missile Turret  
  49  6:26  Missile Turret  
  49  6:28  Marine  
  49  6:29  Concussive Shells  
  50  6:34  Barracks  
  50  6:43  Marine  
  50  6:46  Reaper  
  52  6:47  Bunker  
  52  6:58  Factory Tech Lab  
  52  7:06  Starport  
  52  7:09  Factory Tech Lab, Starport  
  52  7:11  Combat Shields  
  52  7:16  Sensor Tower  
  52  7:26  Marine  
  50  7:33  Marine  
  50  7:34  SCV, Armory  
  50  7:35  SCV  
  53  7:40  Refinery  
  53  7:41  Marine  
  53  7:43  Missile Turret  
  54  7:46  SCV  
  54  7:47  SCV, Missile Turret  
  56  7:51  Refinery, Starport Tech Lab x2  
  57  7:58  SCV  
  57  8:00  SCV, Barracks Reactor  
  58  8:06  Terran Infantry Armor Level 1  
  58  8:08  Bunker  
  58  8:10  SCV  
  58  8:11  Raven  
  58  8:12  SCV, Raven  
  64  8:22  SCV  
  64  8:24  SCV  
  66  8:34  SCV  
  66  8:36  SCV  
  68  8:46  SCV  
  68  8:48  SCV  
  70  8:51  Supply Depot  
  70  8:59  SCV  
  70  9:00  SCV  
  72  9:11  SCV  
  73  10:34  Siege Tank  
  76  10:36  Supply Depot  
  76  10:39  Engineering Bay  
  76  10:40  Siege Tank  
  79  10:44  Terran Infantry Weapons Level 2  
  79  10:58  Medivac x2  
  79  10:59  Terran Vehicle Weapons Level 1  
  79  11:00  Command Center, Supply Depot  
  83  11:04  Terran Infantry Armor Level 2  
  83  11:06  Siege Tank  
  86  11:12  Hellion  
  88  11:27  Ghost Academy  
  88  11:28  Raven, Medivac  
  88  11:29  Supply Depot  
  92  11:33  Siege Tank  
  92  11:38  Siege Tank, Fusion Core  
  98  11:48  Armory  
  98  11:54  Supply Depot  
  98  12:05  Siege Tank  
  101  12:10  Hellion  
  101  12:12  SCV  
  101  12:14  SCV  
  106  12:15  SCV  
  106  12:24  SCV  
  106  12:26  SCV  
  106  12:27  SCV  
  109  12:31  Siege Tank  
  109  12:35  Terran Vehicle And Ship Armor Level 1  
  109  12:36  SCV  
  113  12:37  Siege Tank  
  113  12:38  SCV  
  113  12:40  SCV  
  113  12:43  Missile Turret  
  118  12:46  Missile Turret  
  118  12:48  Refinery  
  118  12:49  SCV, Supply Depot  
  118  12:50  SCV  
  120  12:51  Refinery  
  120  12:53  Terran Ship Weapons Level 1  
  120  13:07  Bunker  
  120  13:11  SCV  
  120  13:12  SCV  
  122  13:14  SCV  
  123  13:23  SCV  
  123  13:24  SCV  
  123  13:26  SCV, Supply Depot  
  126  13:46  Hellion  
  126  13:48  Raven  
  115  13:49  Raven  
  115  13:51  Hellion  
  105  13:57  Marine  
  106  14:02  Marine  
  106  14:05  Command Center  
  106  14:08  Hellion  
  109  14:13  Hellion  
  109  14:15  Marauder  
  109  14:16  Supply Depot  
  113  14:19  Marauder  
  113  14:23  Marine  
  102  14:29  Hellion  
  96  14:35  Hellion  
  85  14:39  Marauder  
  85  14:43  SCV, Marauder  
  85  14:45  SCV  
  82  14:51  Factory Tech Lab, SCV  
  82  14:52  Factory Reactor  
  64  14:56  Hellion  
  60  15:00  Marauder  
  60  15:04  Marauder  
  49  15:12  SCV  
  35  15:14  SCV  
  35  15:15  SCV  
  35  15:17  SCV  
  30  15:21  Marine  
  30  15:25  Marauder  
  30  15:28  SCV  
  30  15:29  SCV  
  30  15:31  Refinery  
  24  15:39  Marine  
  24  15:40  SCV  
  24  15:41  SCV  
  23  15:43  Refinery  
  21  15:52  SCV  
  21  15:54  SCV  
  23  16:04  SCV  
  23  16:07  SCV  
  22  16:12  Barracks  
  22  16:16  SCV  
  23  16:19  SCV  
  23  16:21  Supply Depot  
  22  16:28  SCV  
  22  16:31  SCV  
  22  16:41  SCV  
  22  16:43  SCV  
  23  16:53  SCV  
  23  16:55  SCV  
  23  16:56  Supply Depot  
  23  16:59  Marine  
  23  17:11  SCV  
  23  17:12  SCV  
  22  17:17  Marine  
  22  17:20  Factory  
  23  17:23  SCV  
  23  17:27  SCV  
  14  17:39  SCV  
Tags
 
Add a new tag
Caveats
  • Supply blocks, unpowered buildings, or Contaminate may cause inaccurate times.
  • Supply counts are checked every 10 seconds.